 Bloatcrawl 2 version 2.3.0-a0-108-gdc832c1 (webtiles) character file.

Game seed: 600905247149702738, levelgen mode: deterministic

3206 CUS the Fighter (level 9, -3/70 HPs)
             Began as an Angel Alchemist on Jan 18, 2020.
             Was a High Priest of the Shining One.
             Slain by an ogre
             ... wielding a +0 giant club
              (20 damage)
             ... on level 8 of the Dungeon.
             The game lasted 00:15:41 (6962 turns).

CUS the Fighter (Angel Alchemist)                   Turns: 6962, Time: 00:15:42

Health: -3/70      AC: 15    Str: 13    XL:     9   Next: 97%
Magic:  13/13      EV: 10    Int: 13    God:    the Shining One [*****.]
Gold:   374        SH:  0    Dex: 26    Spells: 8/8 levels left Game modifiers: None

rFire    . . .     SeeInvis +   a - +1 falchion (slice)
rCold    . . .     Gourm    .   (no shield)
rNeg     + + .     Faith    .   A - +0 plate armour
rPois    +         Spirit   .   X - +0 helmet
rElec    +         Reflect  .   (no cloak)
rCorr    .         Harm     .   D - +0 pair of gloves
MR       .....                  (no boots)
Stlth    ..........             (no amulet)
HPRegen  0.21/turn              V - +3 ring of evasion
MPRegen  0.13/turn              T - +5 ring of dexterity

@: flying, glowing
A: flight, see invisible, poison resistance, electricity resistance
a: Stop Flying, Divine Shield, Cleansing Flame, Summon Divine Warrior, Renounce
Religion


You were on level 8 of the Dungeon.
You worshipped the Shining One.
The Shining One was extremely pleased with you.
You were not hungry.

You visited 1 branch of the dungeon, and saw 8 of its levels.
You also visited: Ossuary.

You collected 374 gold pieces.

Inventory:

Hand Weapons
 a - a +1 falchion of slicing (weapon)
 b - a +3 hand crossbow
 s - a +0 dagger
 z - a +0 halberd
 E - a +0 flail
 O - a +0 hunting sling
Missiles
 k - 258 stones (quivered)
 p - 24 poisoned darts
 q - 25 bolts
 B - 11 boomerangs
 G - 2 throwing nets
 M - 13 sling bullets
 Q - 25 arrows
Armour
 g - the -2 hat of the Alchemist {rElec rPois rF+ rC+ rN+ MR+ rMut rCorr}

   It protects you from fire.
   It protects you from cold.
   It insulates you from electricity.
   It protects you from poison.
   It protects you from negative energy.
   It affects your resistance to hostile enchantments.
   It provides partial protection from all sources of acid and corrosion.
   It protects you from mutation.
 A - a +0 plate armour (worn)
 D - a +0 pair of gloves (worn)
 W - the +5 robe of Night {Dark MR+ SInv}
   (You found it on level 8 of the Dungeon)

   It affects your resistance to hostile enchantments.
   It lets you see invisible.
 X - a +0 helmet (worn)
Jewellery
 o - an uncursed ring of protection from cold
 y - an uncursed ring of fire
 T - a +5 ring of dexterity (right hand)
 V - a +3 ring of evasion (left hand)
Wands
 m - a wand of paralysis (3)
 P - a wand of polymorph (10)
 R - a wand of iceblast (10)
Scrolls
 r - 5 scrolls of teleportation
 t - 3 scrolls of identify
 u - 2 scrolls of fear
 w - 2 scrolls of magic mapping
 x - 2 scrolls of fog
 C - 2 scrolls of remove curse
 F - 2 scrolls of enchant weapon {unknown}
 J - 2 scrolls of noise {unknown}
 K - a scroll of blinking
 U - a scroll of immolation {unknown}
Potions
 c - 5 potions of mutation
 d - 2 potions of lignification
 e - 4 potions of cancellation
 f - 2 potions of brilliance
 i - 3 potions of heal wounds
 j - a potion of agility {unknown}
 l - a potion of degeneration {unknown}
 n - 4 potions of might {unknown}
 v - a potion of invisibility {unknown}
 H - a potion of resistance {unknown}
 I - a potion of haste {unknown}
 L - 2 potions of flight {unknown}
 N - 3 potions of curing {unknown}
Comestibles
 h - 10 rations


   Skills:
 * Level 9.9 Fighting
 + Level 5.7 Armour
 + Level 6.9 Dodging
 + Level 2.7 Stealth
 * Level 6.4 Invocations
 + Level 1.6 Evocations


You had 8 spell levels left.
You didn't know any spells.
Your spell library was empty.

Dungeon Overview and Level Annotations

Branches:
Dungeon (8/15)             Temple (0/1) D:7         Ossuary (visited)
   Lair: D:8-11

Altars:
Cheibriados
Dithmenos
Elyvilon
Fedhas
Hepliaklqana
Kikubaaqudgha
Makhleb
Okawaru
Ru
Sif Muna
Uskayaw
Xom
The Shining One


Innate Abilities, Weirdness & Mutations

You can fly at any time.
You have supernaturally acute eyesight. (SInv)
Your system is resistant to poisons. (rPois)
You are resistant to electric shocks. (rElec)


Message History

You are too injured to fight recklessly!
You are too injured to fight recklessly!
You are too injured to fight recklessly!
You are too injured to fight recklessly!
You are too injured to fight recklessly!
You are too injured to fight recklessly!
You are too injured to fight recklessly!
You are too injured to fight recklessly!
Unknown command.
You hit the ogre but do no damage.
The ogre is lightly wounded.
The ogre closely misses you.
You hit the ogre.
The ogre is moderately wounded.
The ogre hits you with a +0 giant club!
* * * LOW HITPOINT WARNING * * *
You hit the ogre.
The ogre is heavily wounded.
The ogre hits you with a +0 giant club!!
You die...

÷.........
........#......#.....
..........
.....>..+......#.....
..........
........#......#.....
..........
###.....##.....#.....
..........
#............#.....
..........
#...#........###
......##..
#...#...........
##....#
....##†.!..####......
....# ......O@.).#
...... ......#....#
..... ......#....#
##### .... #....# ...
...##.. .. ..... ...
. .....# .... ...##
..


You could see an ogre.

Vanquished Creatures
  2 hippogriffs
  Grinder (D:4)
  A hornet (D:8)
  An ice beast (D:6)
  4 killer bees (D:7)
  2 ogres (D:7)
  A phantom (D:8)
  A centaur (D:6)
  An elf zombie (Ossuary)
  4 bullfrogs
  A wyvern skeleton (D:8)
  2 scorpions
  4 howler monkeys
  2 crimson imps
  3 hounds
  2 centaur zombies (Ossuary)
  2 iguanas
  7 orc priests
  A centaur skeleton (D:4)
  A human zombie (Ossuary)
  3 jellies
  2 orc wizards
  3 worker ants
  A big kobold zombie (Ossuary)
  3 mummies (Ossuary)
  A hound zombie (Ossuary)
  A hound skeleton (D:4)
  2 howler monkey zombies
  4 gnolls (D:5)
  4 adders
  2 shadow imps (D:8)
  9 oozes (D:3)
  6 adder zombies
  An adder skeleton (D:4)
  3 worms
  A dart slug (D:2)
  2 leopard geckos
  20 orcs
  A ball python (D:7)
  4 giant cockroaches
  A gnoll zombie (Ossuary)
  8 goblins
  8 hobgoblins
  6 jackals
  12 kobolds
  5 quokkas
  2 ball python skeletons
  7 bats
  4 frilled lizards
  2 goblin zombies (Ossuary)
  4 hobgoblin zombies (Ossuary)
  A jackal skeleton (D:6)
  4 jackal zombies (Ossuary)
  4 kobold zombies (Ossuary)
  2 orc zombies (Ossuary)
  5 quokka zombies
  6 rats
  8 rat zombies
205 creatures vanquished.

Vanquished Creatures (others)
  2 killer bees (D:7)
  9 toadstools (D:3)
11 creatures vanquished.

Grand Total: 216 creatures vanquished

Notes
Turn   | Place    | Note
-------+----------+-------------------------------------------
     0 | D:1      | CUS the Angel Alchemist began the quest for the Orb.
     0 | D:1      | Reached XP level 1. HP: 14/14 MP: 1/1
    35 | D:1      | You fall into a shaft and drop 1 floor!
    65 | D:2      | Reached skill level 5 in Dodging
   420 | D:2      | Reached XP level 2. HP: 19/19 MP: 2/2
   515 | D:2      | Found a hazy altar of Hepliaklqana.
   603 | D:2      | Found a faded altar of an unknown god.
   637 | D:2      | Found a shimmering altar of Xom.
   639 | D:2      | Found a glowing golden altar of the Shining One.
   639 | D:2      | Found a shadowy altar of Dithmenos.
   641 | D:2      | Found a glowing golden altar of the Shining One.
   641 | D:2      | Found an iron altar of Okawaru.
   641 | D:2      | Found a shimmering blue altar of Sif Muna.
   758 | D:2      | Found an iron altar of Okawaru.
   919 | D:2      | Reached XP level 3. HP: 25/25 MP: 3/3
  1118 | D:3      | Reached ** piety under the Shining One
  1473 | D:3      | Reached XP level 4. HP: 30/30 MP: 4/4
  1526 | D:3      | Reached skill level 3 in Fighting
  1787 | D:3      | Reached XP level 5. HP: 36/36 MP: 5/5
  1820 | D:3      | Reached skill level 1 in Armour
  1857 | D:3      | Reached skill level 1 in Invocations
  2062 | D:3      | Reached XP level 6. HP: 36/43 MP: 7/7
  2081 | D:3      | Reached skill level 4 in Fighting
  2491 | D:4      | Found a blossoming altar of Fedhas.
  2571 | D:4      | Found an ancient bone altar of Kikubaaqudgha.
  2572 | D:4      | Found a snail-covered altar of Cheibriados.
  2573 | D:4      | Found a hide-covered altar of Uskayaw.
  2786 | D:4      | Reached *** piety under the Shining One
  3103 | D:4      | Gained mutation: You are resistant to electric shocks.
                  | (rElec) [Angel growth]
  3103 | D:4      | Reached XP level 7. HP: 49/49 MP: 8/8
  3133 | D:4      | Reached skill level 5 in Fighting
  3205 | D:4      | Noticed Grinder
  3222 | D:4      | Killed Grinder
  3699 | D:5      | Entered Level 5 of the Dungeon
  3754 | D:5      | Reached skill level 6 in Fighting
  3917 | D:5      | Reached XP level 8. HP: 54/57 MP: 10/10
  4231 | D:5      | Found a sand-covered staircase.
  4240 | Ossuary  | Entered an ossuary
  4265 | Ossuary  | Reached **** piety under the Shining One
  4447 | Ossuary  | Reached ***** piety under the Shining One
  4449 | Ossuary  | Reached skill level 7 in Fighting
  4954 | D:6      | Found a shadowy altar of Dithmenos.
  5136 | D:6      | Found a white marble altar of Elyvilon.
  5307 | D:6      | Reached skill level 8 in Fighting
  5327 | D:6      | Reached skill level 5 in Invocations
  5624 | D:6      | Reached XP level 9. HP: 63/67 MP: 12/12
  5674 | D:6      | Found a burning altar of Makhleb.
  5911 | D:7      | Found a sacrificial altar of Ru.
  6169 | D:7      | Reached skill level 9 in Fighting
  6293 | D:7      | Reached skill level 5 in Armour
  6294 | D:7      | Found a staircase to the Ecumenical Temple.
  6570 | D:7      | Reached skill level 1 in Evocations
  6705 | D:8      | Noticed a hornet
  6722 | D:8      | Killed a hornet
  6744 | D:8      | Found the +5 robe of Night {Dark MR+ SInv}
  6962 | D:8      | Slain by an ogre

Levels and vault maps discovered:
D:1:      dpeg_arrival_rooms_c, layout_loops_ring, minmay_lizard_pond
D:2:      lemuel_upstairs_altar, layout_basic, old_standard_altar,
          nicolae_overflow_crystal_walls, doesnt_xom_only_xom,
          chequers_ecumenical_altar_simple
D:3:      cheibrodos_fertilizer, layout_rooms
D:4:      layout_basic, chequers_temple_overflow_statue_of_worship,
          first_ration, fedhas_altar_2, uniq_grinder
D:5:      layout_cave_pools, enter_ossuary_3, small_statue_intersection
D:6:      layout_loops_corners, grunt_dithmenos_smoke_and_mirrors,
          makhleb_grotto_becter, basic_altar
D:7:      layout_gridville, old_standard_altar, minmay_temple_entry_mist,
          grunt_ogre_cave
D:8:      layout_basic, ashenzari_altar_1, serial_shops, kennysheep_little_box

Skill      XL: |  1  2  3  4  5  6  7  8  9 |
---------------+----------------------------+-----
Dodging        | 5 6 |  6.9
Fighting       | 3 4 6 8 9 |  9.9
Armour         | 1 2 3 4 5 |  5.7
Invocations    | 1 2 3 5 6 |  6.4
Evocations     | 1 |  1.6
Stealth        | |  2.7

Action                   |  1- 3 |  4- 6 |  7- 9 || total
-------------------------+-------+-------+-------++-------
Melee: Dagger            |    13 |       |       ||    13
       Falchion          |       |       |   369 ||   369
 Fire: Hunting sling     |    82 |   215 |   134 ||   431
       Hand crossbow     |       |       |    34 ||    34
 Abil: Fly               |       |     1 |       ||     1
Evoke: Wand              |       |       |    11 ||    11
  Use: Scroll            |       |       |     7 ||     7
  Eat: Chunk             |     2 |     5 |    10 ||    17
       Ration            |       |       |     1 ||     1
Armor: Ring mail         |     9 |    18 |    18 ||    45
       Plate armour      |       |       |   292 ||   292
Dodge: Dodged            |    51 |    86 |   212 ||   349
       Rpst.: Falchion   |       |       |    49 ||    49

Table legend:
 A = Non-vault XP
 B = Vault XP
 C = Vault XP percentage of total XP
 D = Non-vault monster count
 E = Vault monster count
 F = Vault count percentage of total count
                 A         B        C        D         E       F
            +---------+---------+-------+---------+---------+-------
      Total |    3628 |     953 |  20.8 |     144 |      62 |  30.1
            +---------+---------+-------+---------+---------+-------
        D:1 |       1 |       0 |   0.0 |       1 |       0 |   0.0
        D:2 |      49 |       0 |   0.0 |      21 |       0 |   0.0
        D:3 |     158 |     144 |  47.7 |      30 |      18 |  37.5
        D:4 |     373 |     272 |  42.2 |      30 |       1 |   3.2
        D:5 |     267 |       1 |   0.4 |      17 |       1 |   5.6
        D:6 |    1068 |      48 |   4.3 |      19 |       1 |   5.0
        D:7 |    1091 |     122 |  10.1 |      17 |       1 |   5.6
        D:8 |     621 |       0 |   0.0 |       9 |       0 |   0.0
    Ossuary |       0 |     366 | 100.0 |       0 |      40 | 100.0
            +---------+---------+-------+---------+---------+-------
